 Dungeon Crawl Stone Soup version 0.17.1-1-g73c8601 (webtiles) character file.

127 Implojin the Ruffian (level 4, -10/44 HPs)
             Began as a Troll Monk on Apr 8, 2016.
             Was a Believer of Okawaru.
             Mangled by Prince Ribbit (19 damage)
             ... on level 5 of the Dungeon.
             The game lasted 00:02:51 (526 turns).

Implojin the Ruffian (Troll Monk)                    Turns: 526, Time: 00:02:51

Health: -10/44     AC:  5    Str: 24    XL:     4   Next: 85%
Magic:  2/3        EV: 13    Int: 11    God:    Okawaru [**....]
Gold:   43         SH:  0    Dex: 13    Spells: 0 memorised, 3 levels left

rFire  . . .     SeeInvis .       - Unarmed
rCold  . . .     Clarity  .     a - +0 robe
rNeg   . . .     SustAt   .     (no shield)
rPois  .         Gourm    +     (helmet restricted)
rElec  .         Spirit   .     (no cloak)
rCorr  .         Warding  .     (gloves unavailable)
rMut   .         Stasis   .     (boots unavailable)
MR     .....                    c - amulet of rage
Stlth  ++........               (no ring)
                                (no ring)

@: mighty, brilliant, heroism, not resistant to hostile enchantments, unstealthy
A: unfitting armour, claws 3, fast metabolism 3, gourmand, regeneration 2,
shaggy fur 1, tough skin 2
a: Heroism, Renounce Religion, Evoke Berserk Rage


You were on level 5 of the Dungeon.
You worshipped Okawaru.
Okawaru was pleased with you.
You were not hungry.

You visited 1 branch of the dungeon, and saw 5 of its levels.

You collected 43 gold pieces.

Inventory:

Armour
 a - a +0 robe (worn)
Jewellery
 c - an amulet of rage (around neck)
Scrolls
 d - a scroll of amnesia {unknown}
 e - a scroll of enchant armour {unknown}
 g - a scroll of fog {unknown}
Potions
 f - 2 potions of might
Comestibles
 b - 2 bread rations
 h - a meat ration


   Skills:
 - Level 2.4(7.4) Fighting
 - Level 2.4(7.4) Dodging
 - Level 1.1(6.1) Stealth
 * Level 6.2(11.2) Unarmed Combat


You had 3 spell levels left.
You didn't know any spells.

Dungeon Overview and Level Annotations

Branches:
Dungeon (5/15)
 Temple: D:4-7

Altars:
Okawaru

Annotations:
D:5 Prince Ribbit


Innate Abilities, Weirdness & Mutations

You are too large for most types of armour.
You have claws for hands.
Your metabolism is lightning-fast.
You like to eat raw meat.
You heal very quickly.
You are covered in fur (AC +1).
You have very tough skin (AC +2).


Message History

You continue eating.
You feel sick.
You feel sick.
You feel sick.
Prince Ribbit comes into view.
You feel sick.
Found a lumpy brown potion.
You feel sick.
Prince Ribbit croaks.
Prince Ribbit closely misses you.
You gain the combat prowess of a mighty hero.
You feel slightly more hungry. Prince Ribbit hits you!!
* * * LOW HITPOINT WARNING * * *
You miss Prince Ribbit.
You feel sick. Prince Ribbit closely misses you. Prince Ribbit hits you!
* * * LOW HITPOINT WARNING * * *
You closely miss Prince Ribbit. Prince Ribbit hits you!
* * * LOW HITPOINT WARNING * * *
Prince Ribbit blinks!
Drink which item? (? for menu, Esc to quit)
It was a potion of might.
You feel very mighty all of a sudden.
Prince Ribbit hops awkwardly around.
You feel sick.
You see here a lumpy brown potion.
i - a lumpy brown potion You feel sick.
You are no longer poisoned.
Prince Ribbit blinks!
Prince Ribbit croaks regally.
Prince Ribbit blinks!
Drink which item? (? for menu, Esc to quit)
It was a potion of brilliance.
You feel clever all of a sudden.
A quokka comes into view.
You claw Prince Ribbit!
Prince Ribbit is moderately wounded.
The quokka twitches its whiskers.
Prince Ribbit hits you!!
You die...

## ###...........##
#.
..####..............#
#.
...................#
##
..................##
# #r................#
#
#.................###
#..................##
#...F...............
#..@..............##
##...........[....#
##................
#................#
##..............##
##........######
##########


You could see Prince Ribbit and a quokka.

Vanquished Creatures
  A scorpion (D:5)
  2 worker ants (D:5)
  2 adders (D:4)
  2 worms (D:2)
  A giant cockroach (D:4)
  A goblin (D:1)
  4 jackals (D:2)
  A quokka (D:4)
  A bat (D:2)
  A giant gecko zombie (D:5)
  4 giant newts
20 creatures vanquished.

Notes
Turn   | Place    | Note
--------------------------------------------------------------
     0 | D:1      | Implojin the Troll Monk began the quest for the Orb.
     0 | D:1      | Reached XP level 1. HP: 22/22 MP: 0/0
   234 | D:2      | Reached XP level 2. HP: 29/29 MP: 1/1
   312 | D:4      | Found an iron altar of Okawaru.
   320 | D:4      | Became a worshipper of Warmaster Okawaru
   320 | D:4      | Reached * piety under Okawaru
   320 | D:4      | Reached ** piety under Okawaru
   349 | D:4      | Reached skill level 5 in Unarmed Combat
   349 | D:4      | Reached XP level 3. HP: 36/36 MP: 2/2
   381 | D:5      | Entered Level 5 of the Dungeon
   399 | D:5      | Noticed a scorpion
   409 | D:5      | Killed a scorpion
   409 | D:5      | Reached skill level 6 in Unarmed Combat
   409 | D:5      | Reached XP level 4. HP: 23/44 MP: 3/3
   504 | D:5      | Noticed Prince Ribbit
   526 | D:5      | Mangled by Prince Ribbit

Action                   |  1- 3 |  4- 6 || total
-------------------------+-------+-------++-------
Melee: Unarmed           |    36 |    12 ||    48
Invok: Heroism           |       |     1 ||     1
  Use: Potion            |       |     2 ||     2
 Stab: Sleeping          |     1 |       ||     1
  Eat: Chunk             |     1 |     3 ||     4

Table legend:
 A = Turns spent in this place as a percentage of turns spent in the entire game.
 B = Non-inter-level travel turns spent in this place as a percentage of non-inter-level travel turns spent in the entire game.
 C = Inter-level travel turns spent in this place as a percentage of turns spent in this place.
 D = Turns resting spent in this place as a percentage of non-inter-level travel turns spent in this place.
 E = Turns spent auto-exploring this place as a percentage of non-inter-level travel turns spent in this place.
 F = Non-inter-level travel turns spent in this place divided by the number of levels of this place that you've seen.
                   A       B       C       D       E      F
               +-------+-------+-------+-------+-------+----------------------
         Total | 100.0 | 100.0 |   0.0 |   0.0 |   0.0 | 100.0
       Dungeon | 100.0 | 100.0 |   0.0 |   0.0 |   0.0 | 100.0
               +-------+-------+-------+-------+-------+----------------------

Table legend:
 A = Kills in this place as a percentage of kills in entire the game.
 B = Kills by you in this place as a percentage of kills by you in the entire game.
 C = Kills by friends in this place as a percentage of kills by friends in the entire game.
 D = Other kills in this place as a percentage of other kills in the entire game.
 E = Experience gained in this place as a percentage of experience gained in the entire game.
 F = Experience gained in this place divided by the number of levels of this place that you have seen.
                   A       B       C       D       E      F
               +-------+-------+-------+-------+-------+----------------------
         Total | 100.0 | 100.0 |  -nan |  -nan | 100.0 |  36.4
       Dungeon | 100.0 | 100.0 |  -nan |  -nan | 100.0 |  36.4
               +-------+-------+-------+-------+-------+----------------------
